Map: Orbital Shipyard

Players

Marsman

  • Race: Protoss Protoss
  • League: Master

Miszu - Winner!

  • Race: Terran Terran
  • League: Master

VOD

Have the link to the VOD?

Description

Time

  • Played on: Feb. 4, 2016, 12:24 p.m.
  • Length: 10:48
Show
View Real Time Build Order
Export as new Build Order

Marsman Protoss 

Build Orders: 1 Gate Expand, Dark Templar Rush 

Get SALT Encoding   

  12  0:01  Probe (Chrono Boost)  
  13  0:12  Probe (Chrono Boost)  
  14  0:18  Pylon  
  14  0:23  Probe (Chrono Boost)  
  15  0:36  Probe (Chrono Boost)  
  15  0:38  Gateway  
  16  0:44  Assimilator  
  16  0:49  Probe (Chrono Boost)  
  17  0:59  Probe (Chrono Boost)  
  18  1:10  Probe (Chrono Boost)  
  19  1:24  Nexus  
  19  1:30  Probe (Chrono Boost)  
  20  1:39  Cybernetics Core  
  20  1:41  Probe (Chrono Boost)  
  20  1:46  Assimilator  
  21  1:52  Probe (Chrono Boost)  
  22  1:57  Pylon  
  22  2:02  Probe (Chrono Boost)  
  23  2:15  Adept (Chrono Boost), Probe (Chrono Boost)  
  26  2:21  Warp Gate  
  26  2:26  Probe  
  26  2:29  Robotics Facility  
  27  2:37  Probe  
  27  2:38  Probe  
  27  2:42  Adept (Chrono Boost)  
  31  2:47  Probe  
  31  2:50  Probe  
  33  2:59  Probe  
  33  3:00  Twilight Council  
  33  3:05  Probe  
  35  3:10  Mothership Core (Chrono Boost)  
  37  3:17  Probe (Chrono Boost)  
  38  3:28  Probe (Chrono Boost)  
  38  3:30  Probe (Chrono Boost)  
  40  3:36  Pylon  
  40  3:39  Probe (Chrono Boost)  
  40  3:40  Probe (Chrono Boost)  
  42  3:42  Dark Shrine  
  42  3:45  Gateway  
  42  3:46  Gateway  
  42  3:49  Probe (Chrono Boost)  
  42  3:51  Probe (Chrono Boost)  
  42  3:52  Assimilator  
  42  3:54  Assimilator  
  44  3:57  Observer  
  44  4:00  Probe (Chrono Boost)  
  44  4:02  Probe (Chrono Boost)  
  47  4:10  Probe (Chrono Boost)  
  47  4:12  Probe (Chrono Boost)  
  47  4:14  Warp Prism (Chrono Boost)  
  49  4:17  Pylon  
  49  4:21  Probe  
  49  4:22  Probe  
  53  4:24  Blink (Chrono Boost)  
  53  4:30  Pylon  
  53  4:33  Probe  
  53  4:35  Probe  
  55  4:45  Probe  
  56  4:47  Observer  
  57  4:55  Probe  
  57  4:56  Nexus  
  57  4:57  Pylon  
  58  5:02  Probe  
  58  5:06  Forge  
  59  5:11  Forge  
  59  5:18  Dark Templar x3  
  59  5:20  Probe  
  66  5:31  Gateway  
  66  5:37  Gateway  
  66  5:40  Probe  
  67  5:47  Probe  
  67  5:53  Probe  
  67  5:54  Immortal (Chrono Boost), Stalker  
  67  5:55  Stalker x2  
  76  5:59  Protoss Ground Weapons Level 1 (Chrono Boost)  
  76  6:11  Gateway x2  
  76  6:12  Protoss Ground Armor Level 1 (Chrono Boost)  
  76  6:14  Gateway  
  76  6:21  Sentry x3  
  82  6:26  Pylon  
  82  6:31  Stalker  
  85  6:33  Observer (Chrono Boost)  
  85  6:37  Probe  
  85  6:38  Probe  
  87  6:43  Pylon  
  87  6:46  Stalker x4  
  95  6:48  Probe  
  95  6:51  Probe  
  93  6:54  Assimilator  
  93  6:58  Assimilator  
  93  6:59  Probe  
  93  7:03  Charge (Chrono Boost)  
  93  7:05  Probe  
  93  7:07  Probe  
  94  7:11  Immortal (Chrono Boost)  
  94  7:15  Probe  
  100  7:17  Zealot x2, Stalker, Probe  
  107  7:33  Stalker  
  109  7:42  Pylon  
  109  7:44  Pylon  
  109  7:45  Pylon  
  109  7:47  Pylon  
  109  7:58  Protoss Ground Weapons Level 2 (Chrono Boost)  
  109  8:00  Pylon, Probe x2  
  111  8:05  Zealot x2  
  111  8:06  Probe, Zealot x2  
  111  8:07  Protoss Ground Armor Level 2 (Chrono Boost)  
  111  8:08  Templar Archives  
  120  8:16  Observer  
  121  8:23  Stalker x3  
  127  8:34  Psionic Storm  
  127  8:35  Gateway  
  127  8:36  Gateway, Stalker x2  
  127  8:40  Stalker  
  133  8:54  Probe  
  132  8:57  Zealot x2  
  132  8:58  Zealot x3  
  132  9:00  High Templar x2  
  146  9:11  Pylon  
  146  9:13  Pylon  
  146  9:14  High Templar  
  146  9:16  Pylon  
  148  9:29  Nexus  
  148  9:30  High Templar  
  148  9:31  High Templar, Stalker x2  
  152  9:32  Pylon, Stalker  
  158  9:45  Pylon  
  158  9:48  Pylon  
  158  9:49  Gateway  
  158  9:50  Gateway  
  158  9:52  Gateway  
  158  10:00  High Templar x2  
  158  10:01  Zealot x5  
  158  10:05  Archon, Zealot  
  128  10:31  Zealot x8  
Show
View Real Time Build Order
Export as new Build Order

Miszu Terran - Winner!

Build Orders: Command Center First (CC), MMM Bio 

Get SALT Encoding   

  12  0:00  SCV  
  13  0:12  SCV  
  14  0:17  Supply Depot  
  14  0:24  SCV  
  15  0:39  SCV  
  16  0:51  SCV  
  17  0:59  Command Center  
  17  1:03  SCV  
  18  1:15  SCV  
  18  1:17  Barracks  
  19  1:28  SCV  
  19  1:30  Barracks  
  20  1:40  SCV  
  20  1:44  Barracks  
  21  1:53  SCV  
  22  2:05  Orbital Command  
  22  2:06  Marine  
  23  2:12  Orbital Command  
  23  2:18  Marine  
  24  2:24  Marine  
  25  2:31  Marine, SCV  
  25  2:36  Refinery  
  27  2:37  Refinery, SCV  
  27  2:40  Marine  
  27  2:43  SCV  
  30  2:44  Marine  
  30  2:49  SCV  
  32  2:54  Supply Depot  
  32  2:55  Supply Depot, SCV  
  33  2:58  Marine  
  33  2:59  Marine  
  33  3:01  SCV  
  33  3:02  Marine  
  37  3:09  SCV  
  38  3:16  SCV  
  38  3:17  Barracks Tech Lab  
  38  3:19  Marine  
  40  3:20  Marine  
  40  3:21  SCV  
  42  3:34  SCV  
  42  3:35  Marine  
  42  3:36  Stimpack, SCV  
  42  3:37  Marine  
  42  3:38  Supply Depot, Marine  
  46  3:46  SCV  
  47  3:48  Factory, SCV  
  47  3:53  Refinery, Marine  
  47  3:55  Marine  
  50  3:56  Marine  
  50  3:58  SCV  
  50  4:00  Engineering Bay, SCV  
  53  4:10  SCV  
  53  4:11  Supply Depot, Marine  
  53  4:13  SCV  
  53  4:14  Marine  
  53  4:15  Marine  
  58  4:22  SCV  
  59  4:25  Terran Infantry Weapons Level 1, SCV  
  59  4:29  Marine  
  61  4:33  Supply Depot  
  61  4:34  Starport, SCV  
  61  4:35  Factory Reactor  
  61  4:37  SCV  
  63  4:43  Missile Turret  
  63  4:45  Missile Turret  
  63  4:46  SCV  
  63  4:49  SCV  
  63  4:51  Refinery, Barracks Tech Lab  
  65  4:53  Barracks Reactor  
  65  4:58  SCV  
  66  5:01  Supply Depot  
  66  5:04  Liberator x2  
  66  5:09  SCV  
  66  5:11  SCV  
  68  5:19  Marauder  
  70  5:21  SCV  
  77  5:29  Marine, Marauder  
  77  5:30  Marine  
  77  5:31  Combat Shields  
  77  5:34  Command Center  
  81  5:36  Supply Depot  
  81  5:40  Supply Depot, SCV  
  81  5:47  Liberator x2  
  76  6:03  Marine  
  76  6:04  SCV  
  76  6:05  Command Center  
  76  6:08  SCV  
  84  6:16  SCV  
  85  6:23  SCV  
  86  6:26  Barracks  
  86  6:27  Barracks  
  86  6:31  Terran Infantry Armor Level 1, Marauder, Missile Turret  
  86  6:32  Supply Depot  
  88  6:36  SCV  
  89  6:40  SCV  
  89  6:45  Supply Depot  
  90  6:48  SCV  
  90  6:51  Medivac, Marauder  
  90  6:52  SCV  
  90  6:53  Marauder  
  98  7:02  Marine  
  99  7:11  Marine  
  99  7:12  Medivac, Marauder  
  99  7:13  Barracks Tech Lab  
  99  7:14  Barracks Reactor, Marauder  
  106  7:17  Fusion Core  
  106  7:20  Marine  
  107  7:27  Medivac  
  107  7:28  Orbital Command  
  107  7:29  Marine  
  107  7:34  Marine, Marauder  
  107  7:36  Starport, Marauder, Liberator  
  112  7:47  Missile Turret  
  112  7:51  Refinery, Orbital Command  
  112  7:52  Refinery  
  115  8:01  Marine  
  115  8:02  Marauder x3  
  122  8:07  Liberator  
  122  8:12  Supply Depot  
  122  8:14  Supply Depot  
  122  8:19  Liberator  
  122  8:20  SCV x3  
  122  8:25  Starport Tech Lab  
  128  8:30  Marauder  
  128  8:32  SCV x2  
  135  8:42  Marine, Marauder  
  135  8:47  Advanced Ballistics  
  135  8:48  Marine  
  137  8:49  Marine x2  
  137  8:51  Liberator  
  137  8:52  Liberator  
  137  8:53  SCV  
  139  8:55  SCV  
  139  8:56  Marine  
  139  8:57  Marauder  
  142  9:03  Supply Depot x3  
  142  9:04  Supply Depot  
  142  9:06  Liberator  
  147  9:14  SCV  
  148  9:24  Marine, Marauder  
  153  9:26  Supply Depot, Marine  
  153  9:27  Supply Depot, Marine x4  
  153  9:28  SCV  
  153  9:29  Supply Depot  
  153  9:30  SCV  
  161  9:34  Liberator x2  
  161  9:42  Marine  
  161  9:44  Marine x2  
  161  9:45  Marauder  
  166  9:46  Marine  
  166  9:47  Marauder  
  166  9:51  Marauder  
  177  9:54  Engineering Bay  
  177  9:56  Armory  
Tags
 
Add a new tag
Caveats
  • Supply blocks, unpowered buildings, or Contaminate may cause inaccurate times.
  • Supply counts are checked every 10 seconds.